AoeStats
← busy pushing deer

African Clearing

510414453Analyzed
4v4 RM · 2d ago on Sep 30, 2026· 50m 10s· 8 players
Game mode
Random Map
Map size
Large (8 player)
Population
200
Speed
Normal
Resources
Standard
Victory
Conquest
Starting age
Dark Age
Ending age
Imperial Age
RankedLock teamsTeams togetherTeam positionsShared explorationLock speedFull tech treeHidden civsTurbo modeCheats
Victory
Defeat
🇵🇪 Inca · Peru
1396
+14
🇺🇸 Magyars · United States
1389
+14
🇯🇵 Tatars · Japan
1381
+14
🇨🇳 Gurjaras · China
1323
+17
🇹🇷 Berbers · Türkiye
1366
-16
🇭🇺 Vietnamese · Hungary
1363
-15
🇫🇷 Huns · France
1342
-15
🇷🇺 Mongols · Russia
1301
-13
Oden
6:45 Loom
12:30 Feudal Age
19:19 Castle Age
18:25 Fletching
19:17 Bloodlines
19:40 Padded Archer Armor
20:11 Double-Bit Axe
23:03 Husbandry
26:57 Ballistics
29:25 Wheelbarrow
32:07 Bodkin Arrow
32:28 Leather Archer Armor
35:38 Thumb Ring
35:29 Horse Collar
38:26 Elite Skirmisher
39:24 Gold Mining
42:40 Imperial Age
41:38 Light Cavalry
42:52 Scale Barding Armor
42:59 Forging
44:57 Chemistry
44:43 Bow Saw
44:26 Imperial Skirmisher
44:39 Hussar
46:00 Bracer
Bzm_JöNTüRK
4:25 Loom
25:37 Feudal Age
30:01 Castle Age
29:32 Double-Bit Axe
29:31 Horse Collar
32:51 Heavy Plow
34:51 Wheelbarrow
34:05 Town Watch
38:52 Fletching
42:51 Bow Saw
46:06 Imperial Age
43:50 Bodkin Arrow
44:39 Husbandry
44:51 Bloodlines
44:47 Scale Barding Armor
47:48 Heavy Camel Rider
49:28 Conscription
Welldone
3:04 Loom
12:09 Feudal Age
19:46 Horse Collar
30:05 Castle Age
39:44 Wheelbarrow
39:39 Heavy Plow
40:51 Fervor
44:39 Fletching
45:15 Bodkin Arrow
Uporcpine
5:31 Loom
13:05 Feudal Age
14:50 Double-Bit Axe
17:20 Castle Age
16:47 Fletching
24:22 Horse Collar
26:01 Bow Saw
26:38 Wheelbarrow
28:03 Bodkin Arrow
31:50 Thumb Ring
32:05 Padded Archer Armor
33:46 Scale Mail Armor
34:15 Squires
36:21 Forging
36:26 Chain Mail Armor
38:16 Heavy Plow
38:50 Hand Cart
38:40 Arson
38:58 Town Watch
43:03 Imperial Age
41:06 Leather Archer Armor
41:55 Ballistics
42:06 Pikeman
43:24 Iron Casting
44:18 Plate Mail Armor
43:52 Bracer
46:00 Chemistry
46:08 Ring Archer Armor
45:35 Halberdier
busy pushing deer
11:04 Feudal Age
12:02 Double-Bit Axe
19:22 Loom
19:27 Horse Collar
20:45 Scale Barding Armor
25:21 Castle Age
23:39 Gold Mining
24:01 Bloodlines
24:20 Stone Mining
25:11 Fishing Lines
26:25 Heavy Plow
26:37 Bow Saw
25:49 Light Cavalry
26:30 Husbandry
27:55 Wheelbarrow
28:51 Corvinian Army
30:26 Chain Barding Armor
31:44 Town Watch
31:51 Fletching
32:08 Gillnets
33:43 Hand Cart
34:36 Gold Shaft Mining
40:50 Imperial Age
41:12 Ballistics
40:33 Treadmill Crane
42:30 Plate Barding Armor
41:22 Elite Magyar Huszar
42:23 Conscription
43:19 Chemistry
42:25 Siege Engineers
41:42 Capped Ram
43:57 Two-Man Saw
42:56 Bodkin Arrow
43:02 Padded Archer Armor
44:47 Coinage
44:45 Recurve Bow
45:29 Thumb Ring
45:50 Parthian Tactics
47:07 Banking
49:19 Crop Rotation
48:53 Bracer
49:09 Leather Archer Armor
49:48 Town Patrol
50:33 Murder Holes
50:29 Guard Tower
50:52 Masonry
50:03 Onager
50:04 Heavy Scorpion
León Sin Melena
3:15 Loom
12:07 Feudal Age
31:31 Double-Bit Axe
38:35 Castle Age
39:04 Wheelbarrow
39:22 Scale Mail Armor
39:16 Stone Mining
39:35 Horse Collar
40:12 Town Watch
40:36 Squires
44:10 Bow Saw
46:36 Hand Cart
46:44 Fletching
48:47 Gold Mining
fumisaiji
7:53 Loom
10:20 Loom
12:35 Feudal Age
16:46 Castle Age
15:50 Double-Bit Axe
16:19 Fletching
20:34 Bodkin Arrow
25:07 Padded Archer Armor
26:56 Bow Saw
29:28 Wheelbarrow
28:38 Town Watch
29:28 Husbandry
29:53 Ballistics
31:12 Horse Collar
32:22 Bloodlines
34:19 Heavy Plow
35:00 Leather Archer Armor
35:09 Elite Skirmisher
39:57 Imperial Age
37:11 Light Cavalry
37:58 Gold Mining
37:59 Stone Mining
40:24 Hand Cart
40:45 Bracer
41:46 Chemistry
41:50 Ring Archer Armor
42:43 Conscription
42:34 Timurid Siegecraft
43:46 Gold Shaft Mining
44:07 Scale Barding Armor
44:13 Forging
43:40 Heavy Cavalry Archer
47:07 Chain Barding Armor
47:22 Iron Casting
48:34 Plate Barding Armor
48:39 Crop Rotation
48:18 Hussar
50:21 Blast Furnace
49:26 Silk Armor
帝国新手
4:04 Loom
13:57 Feudal Age
15:10 Double-Bit Axe
21:35 Castle Age
20:01 Scale Barding Armor
20:32 Gold Mining
21:11 Bloodlines
23:22 Chain Barding Armor
23:37 Forging
26:29 Horse Collar
30:07 Iron Casting
33:40 Wheelbarrow
33:17 Husbandry
33:41 Heavy Plow
35:00 Bow Saw
35:59 Scale Mail Armor
36:43 Fletching
39:22 Town Watch
41:13 Chain Mail Armor
43:50 Imperial Age
43:28 Gold Shaft Mining
43:58 Town Patrol
44:11 Padded Archer Armor
44:46 Hand Cart
45:57 Chemistry
45:23 Leather Archer Armor
45:57 Conscription
46:38 Plate Barding Armor
48:16 Heavy Camel Rider
49:27 Plate Mail Armor
48:54 Bodkin Arrow
Connection lost

Rejoining the realm…

Still unreachable

The connection could not be restored.

Session expired

The server has moved on; the page needs a fresh start.